 Dungeon Crawl Stone Soup version 0.28-a0-863-g8cecda6153 (webtiles) character file.

Game seed: 14318892753070541253

716 Htamos the Nimble (level 7, -12/33 HPs)
             Began as a Felid Monk on Nov 19, 2021.
             Was a Believer of Sif Muna.
             Killed from afar by a steam dragon (19 damage)
             ... with a ball of steam
             ... on level 8 of the Dungeon.
             The game lasted 00:23:12 (8484 turns).

Htamos the Nimble (Felid Monk)                      Turns: 8484, Time: 00:23:13

Health: -12/33     AC:  2    Str:  7    XL:     7   Next: 41%
Magic:  10/10      EV: 23    Int: 12    God:    Sif Muna [**....]
Gold:   282        SH:  0    Dex: 20    Spells: 8/9 levels left
                                        Lives:  0   Deaths: 2

rFire   . . .      SeeInvis +     - Unarmed
rCold   . . .      Faith    .   (shield unavailable)
rNeg    . . .      Spirit   .   (armour unavailable)
rPois   .          Reflect  .   (helmet unavailable)
rElec   .          Harm     .   (cloak unavailable)
rCorr   .          Rampage  .   (gloves unavailable)
Will    +....                   (boots unavailable)
Stlth   ++++......              (no amulet)
HPRegen 0.11/turn               (no ring)
MPRegen 0.12/turn               (no ring)

@: about to teleport, quick
A: very small, claws 1, fangs 3, see invisible, speed 1, shaggy fur 2, stealthy
paws, no weapons or thrown items, no armour, multi-lived
a: Renounce Religion, Channel Magic


You were on level 8 of the Dungeon.
You worshipped Sif Muna.
Sif Muna was pleased with you.
You visited 2 branches of the dungeon, and saw 9 of its levels.

You collected 282 gold pieces.

Inventory:

Missiles
 a - 5 atropa-tipped darts
Jewellery
 d - a ring of fire
Scrolls
 e - 6 scrolls of identify {@rr}
 f - 2 scrolls of teleportation
 j - a scroll of brand weapon
Potions
 c - a potion of magic
 g - 2 potions of haste


   Skills:
 + Level 5.5 Fighting
 * Level 8.3 Dodging
 + Level 6.1 Stealth
 + Level 4.9 Unarmed Combat
 - Level 1.6 Spellcasting
 + Level 3.8 Transmutations
 + Level 3.5 Evocations


You had 8 spell levels left.
You knew the following spells:

 Your Spells              Type           Power      Damage    Failure   Level
a - Beastly Appendage     Tmut           20%        N/A       6%          1

Your spell library contained the following spells:

 Spells                   Type           Power      Damage    Failure   Level
 Wereblood                Tmut           10%        N/A       9%          2
 Spider Form              Tmut/Pois      5%         N/A       36%         3
 Olgreb's Toxic Radiance  Pois           0%         N/A       96%         4
 Ozocubu's Refrigeration  Ice            0%         4d5       100%        7
 Ignition                 Fire           0%         3d3       100%        8


Dungeon Overview and Level Annotations

Branches:
Dungeon (8/15)             Temple (1/1) D:4
   Lair: D:8-11

Altars:
Cheibriados
Sif Muna
Trog
Vehumet
The Shining One
Beogh

Annotations:
D:3 3 runed translucent doors, xoxolimbo's ghost, amateur DsWz
D:5 3 runed translucent doors, hemabe71's ghost, novice HuAr
D:6 Edmund; Grinder
D:7 2 runed translucent doors, Duvessa; FDRCH's ghost, novice OpTm


Innate Abilities, Weirdness & Mutations

You have sharp claws.
You have razor-sharp teeth.
You have supernaturally acute eyesight. (SInv)
You cover ground quickly. (Speed+)
You are covered in thick fur. (AC +2)
Your paws help you pounce on unaware monsters.
You are incapable of wielding weapons or throwing items.
You cannot wear armour.
You gain extra lives every three experience levels.


Message History

The kobold brigand throws a poisoned dart.
The poisoned dart barely misses you.
You scratch the hornet but do no damage.
You bite the hornet, but do no damage. The hornet completely misses you.
You scratch the hornet. Your bite misses the hornet.
The hornet is lightly wounded.
The hornet completely misses you. The hornet stings you!
You feel yourself slow down.
You aren't carrying any items that you can evoke.
Okay, then.
As you read the scroll of teleportation, it crumbles to dust.
You feel strangely unstable. The hornet barely misses you.
The hornet stings you!
* * * LOW HITPOINT WARNING * * *
You feel as though you will be slow longer.
Unknown command.
The hornet closely misses you. The hornet stings you.
* * * LOW HITPOINT WARNING * * *
You feel as though you will be slow longer.
Your surroundings suddenly seem different. 2 bullfrogs and a steam dragon come into view.
Found an escape hatch in the floor.
Found a stone staircase leading down.
The bullfrog croaks.
The steam dragon hisses angrily.
The steam dragon breathes steam at you. The ball of steam misses you.
You feel yourself speed up.
The bullfrog croaks.
You hear a bellow!
The bullfrog releases a deep croak.
The bullfrog barely misses you.
As you read the scroll of teleportation, it crumbles to dust.
You feel strangely unstable. The bullfrog barely misses you.
You feel better. The bullfrog completely misses you. The bullfrog hits you.
* * * LOW HITPOINT WARNING * * *
Unknown command.
The bullfrog closely misses you. The bullfrog misses you.
The steam dragon breathes steam at you. The ball of steam hits you!!
Ouch! That really hurt!
You die...

#########
##.F.#...##
##.@F......##
#...§§......#
#.....D.....#
#...........#
##.........##
##.......>...
#............
#.............
#.....§.......


You could see a steam dragon (catching breath) and 2 bullfrogs.

Vanquished Creatures
  A hornet (D:8)
  Menkaure (D:4)
  A water moccasin (D:7)
  A sky beast (D:6)
  4 ogres
  A phantom (D:6)
  A scorpion (D:4)
  Dowan (D:7)
  A killer bee (D:8)
  A howler monkey (D:7)
  3 hounds
  2 orc priests
  A jelly (D:5)
  A bullfrog skeleton (D:5)
  2 orc wizards
  3 adders
  2 white imps (D:7)
  An adder skeleton (D:4)
  3 worms
  3 dart slugs
  11 orcs
  4 bats
  9 endoplasms
  3 giant cockroaches (D:1)
  6 goblins
  9 hobgoblins
  10 kobolds
  4 quokkas
  4 ball pythons
  4 frilled lizards
  A quokka skeleton (D:4)
  3 rats (D:3)
102 creatures vanquished.

Vanquished Creatures (others)
  An orc wizard (D:6)
  A plant (D:3)
2 creatures vanquished.

Grand Total: 104 creatures vanquished

Notes
Turn   | Place    | Note
-------+----------+-------------------------------------------
     0 | D:1      | Htamos the Felid Monk began the quest for the Orb.
     0 | D:1      | Reached XP level 1. HP: 10/10 MP: 2/2
   282 | D:1      | Reached XP level 2. HP: 11/14 MP: 3/3
   391 | D:1      | Learned a level 1 spell: Beastly Appendage
   500 | D:1      | Found a faded altar of an unknown god.
  1015 | D:2      | Reached XP level 3. HP: 17/17 MP: 4/4
  1308 | D:2      | Htamos: @worm
  1308 | D:2      | Htamos: #worm
  2209 | D:3      | Reached XP level 4. HP: 13/22 MP: 4/6
  2340 | D:3      | Found a bloodstained altar of Trog.
  2913 | D:2      | Reached skill level 5 in Dodging
  3041 | D:3      | Found a runed translucent gate.
  3042 | D:3      | Found a runed translucent gate.
  3043 | D:3      | Found a runed translucent gate.
  3043 | D:3      | Noticed xoxolimbo's ghost (amateur DsWz)
  3048 | D:3      | Identified the +4 scale mail "Irhi Cec" {rC+ Slay+3}
  3390 | D:3      | Reached skill level 1 in Transmutations
  3400 | D:3      | Reached skill level 1 in Spellcasting
  4021 | D:4      | Noticed a sky beast
  4040 | D:4      | Reached XP level 5. HP: 14/25 MP: 7/7
  4568 | D:4      | Noticed Menkaure
  4572 | D:4      | Killed Menkaure
  4577 | D:4      | Gained mutation: You are covered in thick fur. (AC +2)
                  | [Felid growth]
  4577 | D:4      | Reached XP level 6. HP: 23/28 MP: 7/9
  4905 | D:4      | Reached skill level 1 in Evocations
  5475 | D:4      | Found a staircase to the Ecumenical Temple.
  5499 | Temple   | Entered the Ecumenical Temple
  5526 | Temple   | Became a worshipper of Sif Muna the Loreminder
  5526 | Temple   | Reached * piety under Sif Muna
  5526 | Temple   | Reached ** piety under Sif Muna
  5925 | D:5      | Entered Level 5 of the Dungeon
  6139 | D:5      | Reached skill level 6 in Dodging
  6275 | D:5      | Found a runed translucent gate.
  6275 | D:5      | Found a runed translucent gate.
  6275 | D:5      | Found a runed translucent gate.
  6275 | D:5      | Noticed a sky beast
  6950 | D:5      | Noticed hemabe71's ghost (novice HuAr)
  6998 | D:5      | Reached XP level 7. HP: 33/33 MP: 10/10
  7002 | D:5      | Found a snail-covered altar of Cheibriados.
  7297 | D:6      | Noticed Grinder
  7297 | D:6      | Noticed Edmund
  7430 | D:6      | Noticed a wyvern
  7537 | D:6      | Reached skill level 5 in Stealth
  7583 | D:6      | Reached skill level 5 in Fighting
  7630 | D:6      | Reached skill level 7 in Dodging
  7645 | D:6      | Killed from afar by an orc wizard
  7646 | D:6      | Reached XP level 6. HP: -4/30 MP: 9/9
  7699 | D:7      | Reached XP level 7. HP: 32/33 MP: 10/10
  7759 | D:7      | Noticed Dowan
  7763 | D:7      | Killed Dowan
  7763 | D:7      | Noticed Duvessa
  7775 | D:7      | Found a large runed translucent door.
  7775 | D:7      | Found a large runed translucent door.
  7777 | D:7      | Noticed FDRCH's ghost (novice OpTm)
  7932 | D:7      | HP: 1/33 [water moccasin (2)]
  7944 | D:6      | Hit by a stone thrown by Edmund
  7945 | D:6      | Reached XP level 6. HP: -3/30 MP: 9/9
  8458 | D:8      | Noticed a hornet
  8458 | D:8      | Noticed a hornet
  8462 | D:8      | Reached XP level 7. HP: 31/33 MP: 10/10
  8464 | D:8      | Killed a hornet
  8465 | D:8      | Reached skill level 8 in Dodging
  8473 | D:8      | Noticed a steam dragon
  8484 | D:8      | Killed from afar by a steam dragon

Illustrated notes

Levels and vault maps discovered:
D:1:      erik_arrival_blinker_ship, layout_basic,
          chequers_ecumenical_altar_simple
D:2:      layout_basic
D:3:      layout_basic, mainiacjoe_overflow_tiny_flanked, serial_forest,
          infiniplex_forest_zigzag_2, infiniplex_forest_clump_small,
          infiniplex_forest_straight_4, infiniplex_forest_clump_large,
          infiniplex_forest_pool, infiniplex_forest_lined_room_2,
          infiniplex_forest_zigzag_2, infiniplex_forest_clump_long,
          biasface_ghost_orc_armoury
D:4:      layout_cave_pools, temple_fountains, corexii_hall_statues_x,
          minmay_splitting_lines, hangedman_decor_peaks_small, minmay_vboxes,
          uniq_menkaure
D:5:      layout_basic, marbit_many_paths, gammafunk_ghost_necromancy
D:6:      layout_rooms, minitemple, uniq_grinder, uniq_edmund
D:7:      layout_loops_cross, ebering_ghost_disaster_area, uniq_duvessa
D:8:      layout_rooms, dpeg_lair_monsters, minmay_manual_moon
Temple:   dpeg_chambers_temple

Skill      XL: |  1  2  3  4  5  6  7 |
---------------+----------------------+-----
Stealth        | 3 4 6 |  6.1
Dodging        | 5 6 8 |  8.3
Transmutations | 1 3 |  3.8
Spellcasting   | 1 |  1.6
Fighting       | 4 5 |  5.5
Evocations     | 1 3 |  3.5
Unarmed Combat | 4 |  4.9

Action                   |  1- 3 |  4- 6 |  7- 9 || total
-------------------------+-------+-------+-------++-------
Melee: Unarmed           |   104 |   222 |   117 ||   443
       Bite              |     6 |    29 |    12 ||    47
       Punch             |     2 |     8 |     1 ||    11
       Headbutt          |       |     5 |       ||     5
 Cast: Beastly Appendage |       |     2 |     1 ||     3
Evoke: Wand              |       |    14 |       ||    14
  Use: Scroll            |     2 |     6 |     5 ||    13
       Potion            |     1 |     6 |     5 ||    12
 Stab: Sleeping          |     7 |     8 |     5 ||    20
Armor: Skin              |     4 |    12 |     4 ||    20
Dodge: Dodged            |    69 |   147 |    99 ||   315

Table legend: (Time is in decaauts)
 A = Elapsed time spent in this place.
 B = Non-inter-level travel time spent in this place.
 C = Inter-level travel time spent in this place.
 D = Time resting spent in this place.
 E = Time spent auto-exploring this place.
 F = Levels seen in this place.
 G = Mean time per level.
                   A        B        C        D        E       F      G
               +--------+--------+--------+--------+--------+-----+--------+
         Total |   7573 |   7223 |    350 |   1912 |   3460 |   9 |  841.4 |
       Dungeon |   7544 |   7201 |    343 |   1912 |   3455 |   8 |  943.0 |
        Temple |     29 |     22 |      7 |      0 |      4 |   1 |   29.0 |
               +--------+--------+--------+--------+--------+-----+--------+

Top non-repeatable levels by time:
     D:4: 1673 daAuts
     D:3: 1588 daAuts
     D:5: 1390 daAuts
     D:2: 1246 daAuts
     D:1: 959 daAuts
     D:6: 293 daAuts
     D:7: 262 daAuts
     D:8: 130 daAuts
  Temple: 29 daAuts
